AoeStats
← NicoTheGreat999

Arabia

503904290Analyzed
3v3 RM · 28d ago on Sep 2, 2026· 82m 14s· 6 players
Game mode
Random Map
Map size
Normal (6 player)
Population
200
Speed
Normal
Resources
Standard
Victory
Conquest
Starting age
Dark Age
Ending age
Imperial Age
RankedLock teamsTeams togetherTeam positionsShared explorationLock speedFull tech treeHidden civsTurbo modeCheats
Victory
Defeat
🇨🇦 Malians · Canada
800
+14
🇨🇦 Wei · Canada
792
+14
🇨🇦 Franks · Canada
687
+22
🇺🇸 Khitans · United States
793
-18
🇺🇸 Byzantines · United States
732
-15
🇺🇸 Teutons · United States
732
-15
Tonto
7:41 Loom
10:35 Feudal Age
11:07 Horse Collar
11:24 Double-Bit Axe
18:38 Wheelbarrow
22:12 Castle Age
21:58 Scale Barding Armor
22:04 Forging
23:01 Husbandry
23:38 Bow Saw
23:34 Heavy Plow
26:31 Chain Barding Armor
26:13 Scale Mail Armor
26:51 Iron Casting
26:42 Elite Skirmisher
28:51 Scale Mail Armor
28:44 Fletching
28:54 Padded Archer Armor
29:08 Thumb Ring
35:48 Ballistics
40:35 Imperial Age
42:21 Caravan
43:31 Two-Man Saw
43:39 Chemistry
43:19 Plate Barding Armor
42:45 Padded Archer Armor
42:40 Bodkin Arrow
43:19 Heavy Camel Rider
44:29 Hand Cart
52:12 Logistica
51:23 Elite Cataphract
59:46 Hoardings
62:37 Murder Holes
77:09 Crop Rotation
chicken hatter
8:10 Loom
10:06 Feudal Age
11:00 Double-Bit Axe
11:01 Domestication
18:26 Scale Mail Armor
18:32 Scale Barding Armor
18:38 Forging
21:25 Castle Age
24:20 Husbandry
27:38 Pikeman
31:36 Chain Barding Armor
31:52 Iron Casting
31:33 Chain Mail Armor
34:39 Lamellar Armor
35:10 Caravan
41:33 Imperial Age
41:39 Elite Liao Dao
45:55 Heavy Camel Rider
46:56 Pastoralism
51:51 Light Cavalry
55:14 Plate Mail Armor
55:20 Plate Barding Armor
Ahab Schrader
0:50 Loom
11:37 Feudal Age
13:05 Wheelbarrow
12:15 Town Watch
12:20 Double-Bit Axe
12:29 Horse Collar
15:34 Gold Mining
15:34 Stone Mining
23:22 Castle Age
24:32 Hand Cart
24:21 Caravan
24:25 Heavy Plow
24:38 Bow Saw
25:05 Stone Shaft Mining
24:31 Pikeman
25:12 Squires
24:58 Arson
26:06 Town Patrol
27:16 Gambesons
29:54 Bloodlines
35:14 Imperial Age
34:42 Fortified Wall
34:44 Masonry
34:56 Ballistics
41:54 Elite Teutonic Knight
42:54 Ironclad
42:55 Crenellations
42:55 Conscription
44:34 Crop Rotation
45:41 Two-Man Saw
44:20 Cavalier
44:45 Sappers
46:04 Forging
45:55 Scale Mail Armor
46:00 Scale Barding Armor
45:41 Paladin
45:53 Halberdier
47:27 Hoardings
48:31 Iron Casting
48:11 Chain Mail Armor
51:21 Blast Furnace
50:52 Plate Mail Armor
50:42 Chain Barding Armor
55:00 Plate Barding Armor
63:01 Chemistry
Kwasnica
10:51 Feudal Age
14:11 Wheelbarrow
14:11 Double-Bit Axe
17:00 Castle Age
15:35 Double-Bit Axe
20:19 Scale Barding Armor
23:31 Bow Saw
23:54 Forging
24:45 Husbandry
24:56 Bloodlines
31:01 Caravan
33:40 Chain Barding Armor
33:55 Iron Casting
37:02 Stone Mining
37:05 Gold Mining
37:20 Pikeman
41:50 Imperial Age
39:24 Squires
39:27 Scale Mail Armor
42:42 Farimba
43:06 Conscription
44:18 Cavalier
46:48 Chemistry
46:31 Heavy Camel Rider
48:24 Plate Barding Armor
47:41 Fletching
47:52 Padded Archer Armor
48:55 Town Watch
49:29 Hand Cart
50:42 Elite Gbeto
55:38 Horse Collar
56:45 Heavy Plow
60:10 Chain Mail Armor
60:11 Leather Archer Armor
59:52 Bodkin Arrow
61:42 Crop Rotation
66:06 Ballistics
65:28 Treadmill Crane
65:39 Guard Tower
66:00 Fortified Wall
65:45 Murder Holes
65:41 Heated Shot
66:02 Masonry
73:20 Hoardings
76:50 Arson
76:32 Light Cavalry
NicoTheGreat999
6:26 Loom
8:46 Feudal Age
10:13 Double-Bit Axe
20:05 Castle Age
19:14 Gold Mining
19:41 Stone Mining
19:47 Stone Mining
23:47 Husbandry
26:03 Man-at-Arms
28:44 Bow Saw
30:55 Wheelbarrow
30:52 Caravan
31:18 Town Watch
31:52 Hand Cart
32:39 Gold Shaft Mining
35:27 Imperial Age
34:53 Scale Barding Armor
35:32 Pikeman
36:12 Squires
36:19 Scale Mail Armor
36:32 Forging
36:29 Chivalry
36:50 Conscription
37:00 Cavalier
38:03 Chain Barding Armor
37:59 Chain Mail Armor
37:36 Fletching
37:44 Murder Holes
38:10 Ballistics
38:44 Halberdier
40:25 Elite Throwing Axeman
41:49 Plate Barding Armor
42:19 Iron Casting
41:41 Bodkin Arrow
43:16 Town Patrol
45:24 Paladin
47:30 Blast Furnace
49:22 Plate Mail Armor
49:32 #83
77:04 Long Swordsman
77:52 Two-Handed Swordsman
Vinnyloot
10:50 Feudal Age
11:18 Horse Collar
11:51 Double-Bit Axe
13:52 Gold Mining
17:00 Loom
21:01 Castle Age
20:01 Scale Barding Armor
20:00 Stone Mining
21:57 Bow Saw
21:49 Heavy Plow
24:32 Husbandry
27:10 Wheelbarrow
26:21 Town Watch
29:15 Bloodlines
29:56 Thumb Ring
32:50 Chain Barding Armor
32:41 Forging
32:22 Fletching
34:02 Caravan
35:35 Pikeman
36:15 Squires
37:20 Murder Holes
38:39 Padded Archer Armor
39:15 Iron Casting
41:06 Fortified Wall
41:07 Masonry
41:17 Ballistics
40:38 Treadmill Crane
44:19 Imperial Age
42:20 Leather Archer Armor
44:02 Hand Cart
44:03 Arson
44:20 Scale Mail Armor
44:16 Bodkin Arrow
44:47 Capped Ram
45:40 Heavy Hei Guang Cavalry
46:52 Conscription
45:54 Elite Tiger Cavalry
46:41 Halberdier
48:41 Parthian Tactics
48:52 Ring Archer Armor
49:33 Hoardings
51:23 Ming Guang Armor
56:42 Chemistry
55:32 Heated Shot
64:12 Gold Shaft Mining
64:13 Stone Shaft Mining
69:41 Tuntian
70:05 Chain Mail Armor
70:51 Blast Furnace
69:51 Bracer
70:44 Town Patrol
71:43 Onager
72:01 Heavy Hei Guang Cavalry
Connection lost

Rejoining the realm…

Still unreachable

The connection could not be restored.

Session expired

The server has moved on; the page needs a fresh start.